 Dungeon Crawl Stone Soup version 0.32-a0-5-gbffa963729 (webtiles) character file.

Game seed: 13983533028906959161

66 tilp the Vexing (level 3, -1/26 HPs)
             Began as a Vampire Enchanter on Jan 13, 2024.
             Slain by a kobold
             ... wielding a +1 short sword of electrocution
              (13 damage)
             ... on level 2 of the Dungeon.
             The game lasted 00:02:59 (1579 turns).

tilp the Vexing (Vampire Enchanter)                 Turns: 1579, Time: 00:03:00

Health: -1/26      AC:  4    Str:  7    XL:     3   Next: 96%
Magic:  6/6        EV: 12    Int: 19    God:
Gold:   1177       SH:  0    Dex: 14    Spells: 4/6 levels left

rFire   . . .        a - +1 dagger (venom)
rCold   . . .        (no shield)
rNeg    . . .        l - +0 robe
rPois   .            h - +0 helmet
rElec   .            e - +0 cloak
rCorr   .            (no gloves)
SInv    +            (no boots)
Will    .....        (no amulet)
Stlth   +++          (no ring)
HPRegen 0.44/turn    (no ring)
MPRegen 0.10/turn

%: no passive effects
@: healing quickly
A: alive, fangs 3, see invisible, vampiric 2
a: Exsanguinate


You were on level 2 of the Dungeon.
You visited 1 branch of the dungeon, and saw 2 of its levels.

You collected 1177 gold pieces.

Inventory:

Hand Weapons
 a - a +1 dagger of venom (weapon)
 b - a +1 dagger
Missiles
 d - 29 stones (quivered)
 g - 7 curare-tipped darts
Armour
 e - a +0 cloak (worn)
 h - a +0 helmet (worn)
 l - a +0 robe (worn)
Magical Staves
 m - a staff of cold
Scrolls
 f - 2 scrolls of teleportation
 i - a scroll of identify {unknown}
 j - a scroll of brand weapon {unknown}
 o - a scroll of fog {unknown}
 q - a scroll of enchant weapon {unknown}
 r - a scroll of blinking {unknown}
 t - a scroll of immolation {unknown}
 u - a scroll of revelation {unknown}
Potions
 c - 2 potions of invisibility
 k - a potion of mutation {unknown}
 n - a potion of degeneration {unknown}
 p - a potion of curing {unknown}
 s - a potion of magic {unknown}


   Skills:
 * Level 1.1 Fighting
 + Level 1.8(2.1) Short Blades
 * Level 1.1(1.6) Long Blades
 + Level 2.5 Dodging
 + Level 4.8 Stealth
 + Level 2.2 Spellcasting
 * Level 4.9 Hexes
 + Level 0.6 Ice Magic


You had 4 spell levels left.
You knew the following spells:

 Your Spells              Type           Power      Damage    Failure   Level
a - Ensorcelled Hibernat  Hex/Ice        24%        N/A       8%          2

Your spell library contained the following spells:

 Spells                   Type           Power      Damage    Failure   Level
 Confusing Touch          Hex            20%        N/A       6%          3
 Tukima's Dance           Hex            20%        N/A       6%          3
 Dazzling Flash           Conj/Hex       22%        N/A       19%         3


Dungeon Overview and Level Annotations

Branches:
Dungeon (2/15)

Altars:
Makhleb

Shops:
D:1 =


Innate Abilities, Weirdness & Mutations

Your natural rate of healing is accelerated.
You have razor-sharp teeth.
You have supernaturally acute eyesight. (SInv)
You are afflicted with vampirism and can become a bat while bloodless.


Message History

The adder bites you.
You miss the adder.
The adder is lightly wounded.
The adder barely misses you.
Casting: Ensorcelled Hibernation (safe; 9% risk of failure)
Confirm with . or Enter, or press ? or * to list all spells.
Aiming: Ensorcelled Hibernation (safe; 9% risk of failure)
Press: ? - help, Shift-Dir - straight line, f - adder
Aim: an adder (lightly wounded, chance to affect: 54%)
The adder looks drowsy...
The helpless adder fails to defend itself.
You impale the adder!!
You kill the adder!
As you open the door, it creaks loudly!
There is an open door here.
You open the door.
There is an open door here.
There is a stone staircase leading up here.
Key pressed, stopping explore.
There is an open door here.
There is an open door here.
You open the door.
There is an open door here.
A kobold comes into view.
It is wielding a +1 short sword of electrocution.
A kobold is nearby!
A kobold is nearby!
A kobold is nearby!
A kobold is nearby!
A kobold is nearby!
The kobold shouts!
You hit the kobold but do no damage.
The kobold is poisoned.
The kobold misses you.
You barely miss the kobold.
The kobold hits you with a +1 short sword of electrocution.
You are electrocuted!
You closely miss the kobold.
The kobold hits you with a +1 short sword of electrocution.
You are electrocuted!
Ouch! That really hurt!
You die...

#.#<.# #.# #.#.## .. #.#
#....# .. #.# ###### ..
#.# .# #.# .# #.# .# #K#
.# #@#
.###############.#
.................#
.##############..#
..............#..#
#############.#..#####.#
#.#........#
#.#.######## #.#.#


You could see a kobold (poisoned).

Vanquished Creatures
  Robin (D:2)
  An adder (D:2)
  2 endoplasms
  A giant cockroach (D:1)
  9 goblins
  7 hobgoblins
  2 quokkas (D:1)
  5 ball pythons
  2 bats
  3 frilled lizards
  6 kobolds
  6 rats
45 creatures vanquished.

Notes
Turn   | Place    | Note
-------+----------+-------------------------------------------
     0 | D:1      | tilp the Vampire Enchanter began the quest for the Orb.
     0 | D:1      | Reached XP level 1. HP: 13/13 MP: 3/3
    22 | D:1      | Found Unuaz's Jewellery Boutique.
   265 | D:1      | Reached XP level 2. HP: 20/20 MP: 5/5
   301 | D:1      | Learned a level 2 spell: Ensorcelled Hibernation
   945 | D:2      | Identified a scroll of acquirement
   945 | D:2      | Acquired 1120 gold pieces
   957 | D:2      | Found a burning altar of Makhleb.
   959 | D:2      | Noticed Robin
   980 | D:2      | Gained mutation: You are afflicted with vampirism and can
                  | become a bat while bloodless. [Vampire growth]
   980 | D:2      | Reached XP level 3. HP: 25/25 MP: 6/6
  1031 | D:2      | Reached skill level 1 in Long Blades
  1048 | D:2      | Killed Robin
  1049 | D:2      | Reached skill level 1 in Fighting
  1579 | D:2      | Slain by a kobold

Illustrated notes

Levels and vault maps discovered:
D:1:      dpeg_arrival_simpleton_a, layout_loops_ring, serial_shops, shop,
          kennysheep_crisscross, minmay_pentomino_v2
D:2:      layout_basic, basic_altar, uniq_robin

Skill      XL: |  1  2  3 |
---------------+----------+-----
Long Blades    | 1 |  1.1
Fighting       | 1 |  1.1
Short Blades   | |  1.8
Dodging        | |  2.5
Stealth        | |  4.8
Spellcasting   | |  2.2
Hexes          | |  4.9
Ice Magic      | |  0.6

Action                     || total
---------------------------++-------
  Melee: Dagger            ||    97
         Bite              ||    11
         Punch             ||     1
   Cast: Ensorcelled Hiber ||     8
    Use: Scroll            ||     2
   Stab: Sleeping          ||    13
 Armour: Robe              ||    43
  Dodge: Dodged            ||    60

Table legend: (Time is in decaauts)
 A = Elapsed time spent in this place.
 B = Non-inter-level travel time spent in this place.
 C = Inter-level travel time spent in this place.
 D = Time resting spent in this place.
 E = Time spent auto-exploring this place.
 F = Levels seen in this place.
 G = Mean time per level.
                   A        B        C        D        E       F      G
               +--------+--------+--------+--------+--------+-----+--------+
         Total |   1573 |   1484 |     89 |     35 |   1119 |   2 |  786.5 |
       Dungeon |   1573 |   1484 |     89 |     35 |   1119 |   2 |  786.5 |
               +--------+--------+--------+--------+--------+-----+--------+

Top non-repeatable levels by time:
     D:1: 966 daAuts
     D:2: 606 daAuts
